 Seeded DCSS version 0.26.1-10-gdfb7c7de75 (webtiles) character file.

Game seed: 13435453013147752700 (custom seed)

66629 wilfster70 the Thaumaturge (level 15, -3/115 HPs)
             Began as a Gnoll Ice Elementalist on Apr 9, 2021.
             Was an Elder of Ashenzari.
             Slain by a soldier ant (10 damage)
             ... on level 5 of the Lair of Beasts.
             The game lasted 00:59:22 (22220 turns).

wilfster70 the Thaumaturge (GnIE)                  Turns: 22220, Time: 00:59:22

Health: -3/115     AC:  0    Str: 15    XL:     15   Next: 20%
Magic:  21/29      EV: 21    Int: 23    God:    Ashenzari [****..]
Gold:   398        SH: 13    Dex: 21    Spells: 16/35 levels left

rFire    + . .     SeeInvis +   a - +8 trident of Debt {freeze, Str+4 Dex+5} (curse)
rCold    . . .     Faith    .   e - +0 buckler (curse)
rNeg     . . .     Spirit   .   y - +3 leather armour {rF+}
rPois    +         Reflect  +   (no helmet)
rElec    .         Harm     .   (no cloak)
rCorr    .         Rampage  .   (no gloves)
Will     ++...     Clarity  +   (no boots)
Stlth    +++++.....             b - amulet of reflection (curse)
HPRegen  0.29/turn              r - ring of poison resistance
MPRegen  0.21/turn              H - ring "Ysepid" {Will+ Slay+3} (curse)

@: corroded, frozen ramparts
A: distributed training, fangs 1, strong nose
a: Renounce Religion, Curse Item, Scrying


You were on level 5 of the Lair of Beasts.
You worshipped Ashenzari.
Ashenzari was greatly pleased with you.
You visited 2 branches of the dungeon, and saw 17 of its levels.
You also visited: Trove.

You collected 1373 gold pieces.
You spent 975 gold pieces at shops.

Inventory:

Hand Weapons
 a - the cursed +8 trident of Debt (weapon) {freeze, Str+4 Dex+5}
   (You found it on level 11 of the Dungeon)

   It has been specially enchanted to freeze those struck by it, causing extra
   injury to most foes and up to half again as much damage against particularly
   susceptible opponents.
   It can also slow down cold-blooded creatures.
   It affects your strength (+4).
   It affects your dexterity (+5).
   It has a curse placed upon it.
Armour
 e - a cursed +0 buckler (worn)
 y - a +3 leather armour of fire resistance (worn)
Jewellery
 b - a cursed amulet of reflection (around neck)
 r - a ring of poison resistance (left hand)
 H - the cursed ring "Ysepid" (right hand) {Will+ Slay+3}
   (You found it in a treasure trove)

   [ring of willpower]

   It affects your accuracy and damage with ranged weapons and melee attacks
   (+3).
   It affects your willpower, your defense against some magical effects.
   It has a curse placed upon it.
 J - the ring "Leujun" {rC+ rCorr}
   (You found it in a treasure trove)

   [ring of resist corrosion]

   It protects you from cold.
   It provides partial protection from all sources of acid and corrosion.
Wands
 s - a wand of random effects (13)
 B - a wand of polymorph (17)
 D - a wand of acid (18)
 F - a wand of iceblast (7)
 I - a wand of flame (27)
Scrolls
 c - 7 scrolls of teleportation
 d - 2 scrolls of fear
 g - 4 scrolls of amnesia
 n - 4 scrolls of magic mapping
 t - 2 scrolls of blinking
 u - 4 scrolls of remove curse
 C - a scroll of fog
 L - a scroll of enchant armour
Potions
 f - 3 potions of flight
 i - a potion of berserk rage
 j - 2 potions of mutation
 k - 4 potions of haste
 l - 3 potions of might
 o - a potion of lignification
 p - a potion of cancellation
 q - 2 potions of brilliance
 w - 6 potions of curing
 x - 3 potions of invisibility
 z - 3 potions of heal wounds
 A - a potion of ambrosia
 E - a potion of resistance
 G - a potion of magic {unknown}


   Skills:
 + Level 9.7 Fighting
 + Level 9.7 Short Blades
 + Level 9.7 Long Blades
 + Level 9.7 Axes
 + Level 9.7 Maces & Flails
 + Level 9.7(13.0) Polearms
 + Level 9.7 Staves
 + Level 9.7 Slings
 + Level 9.7 Bows
 + Level 9.7 Crossbows
 + Level 9.7 Throwing
 + Level 9.7 Armour
 + Level 10.7 Dodging
 + Level 10.5 Stealth
 + Level 9.7(11.8) Shields
 + Level 9.7 Unarmed Combat
 + Level 10.9 Spellcasting
 + Level 8.2(10.4) Conjurations
 + Level 8.2(10.4) Hexes
 + Level 8.2(10.4) Summonings
 + Level 8.2(10.4) Necromancy
 + Level 8.2(10.4) Translocations
 + Level 8.2(10.4) Transmutations
 + Level 8.2(10.4) Fire Magic
 + Level 10.7(12.8) Ice Magic
 + Level 8.2(10.4) Air Magic
 + Level 8.2(10.4) Earth Magic
 + Level 8.2(10.4) Poison Magic
 + Level 10.5 Invocations
 + Level 9.7(11.8) Evocations


You had 16 spell levels left.
You knew the following spells:

 Your Spells              Type           Power        Failure   Level
a - Ozocubu's Armour      Ice            64%          1%          3
b - Frozen Ramparts       Ice            100%         1%          3
c - Conjure Flame         Conj/Fire      57%          1%          3
d - Mephitic Cloud        Conj/Pois/Air  57%          1%          3
e - Blink                 Tloc           N/A          1%          2
h - Borgnjor's Vile Clut  Necr/Erth      28%          2%          5

Your spell library contained the following spells:

 Spells                   Type           Power        Failure   Level
 Freeze                   Ice            100%         1%          1
 Magic Dart               Conj           100%         1%          1
 Call Imp                 Summ           57%          1%          2
 Ensorcelled Hibernation  Hex/Ice        100%         1%          2
 Slow                     Hex            57%          1%          2
 Static Discharge         Conj/Air       57%          1%          3
 Hailstorm                Conj/Ice       60%          1%          4
 Summon Ice Beast         Ice/Summ       60%          1%          4
 Lightning Bolt           Conj/Air       28%          2%          5
 Silence                  Hex/Air        28%          2%          5
 Shadow Creatures         Summ           N/A          13%         6
 Ignition                 Fire           28%          99%         8
 Shatter                  Erth           28%          100%        9
 Tornado                  Air            28%          100%        9


Dungeon Overview and Level Annotations

Branches:
Dungeon (11/15)            Temple (0/1) D:6            Lair (6/6) D:10
 Shoals (0/4) Lair:2        Snake (0/4) Lair:2        Slime (0/5) Lair:5
    Orc: D:9-12

Altars:
Ashenzari
Hepliaklqana
Nemelex Xobeh
Okawaru
Trog
Jiyva

Shops:
D:8 :

Annotations:
D:6 2 transporters, Darold's ghost, novice DrTm
Lair:1 2 transporters, manyhoops's ghost, journeyman PaTm


Innate Abilities, Weirdness & Mutations

Your experience applies equally to all skills.
You have very sharp teeth.
Your uncanny sense of smell can sniff out nearby items.


Message History

The wall freezes the soldier ant!
You block the soldier ant's attack.
The wall freezes the soldier ant!
The soldier ant closely misses you.
The wall freezes the entropy weaver!
You block the entropy weaver's attack. The entropy weaver hits you! x2
* * * LOW HITPOINT WARNING * * *
The entropy weaver misses you.
You hit the entropy weaver. You freeze the entropy weaver.
You bite the entropy weaver, but do no damage.
The entropy weaver is heavily wounded.
The zombie hands constrict the entropy weaver.
The wall freezes the soldier ant!
You block the soldier ant's attack.
The wall freezes the entropy weaver.
The entropy weaver hits you!
* * * LOW HITPOINT WARNING * * *
The entropy weaver hits you.
* * * LOW HITPOINT WARNING * * *
The entropy weaver hits you.
* * * LOW HITPOINT WARNING * * *
The entropy weaver barely misses you.
The wall freezes the soldier ant!
The soldier ant stings you!
You die...

.................##.....PP##.....
................#.##.....P.......
.................##.............P
....=.....[......###.............
...........P......##......÷.....#
...........P...?.###....#........
....P.≈≈.#.#...B..##.....##÷....#
≈≈.≈≈P≈≈.......B###.....##.#.....
≈P≈≈≈P≈P.......B@###....###.....#
≈≈≈≈P≈≈≈.......B###P....# #.....#
≈≈≈≈≈≈≈≈..#.....####....# ##..PP.
≈≈≈≈P≈P≈.........##.....####....P
≈≈≈≈PP≈≈♣........##......#.....PP
≈≈≈≈≈≈P≈♣.........#.....###.....#
≈≈≈≈≈≈≈P♣.......P........##.....#
≈≈≈≈≈≈≈≈♣.......##......##.......
≈≈≈≈≈≈≈♣♣........................


You could see an entropy weaver (clutched) and 3 soldier ants.

Vanquished Creatures
  Josephine (Lair:4)
  A boulder beetle (Lair:4)
  7 hydras
  Fannar (Lair:1)
  2 two-headed ogres
  A queen ant (Lair:5)
  8 death yaks
  An unseen horror (D:10)
  3 oklob plants (Lair:3)
  6 black mambas
  11 elephants
  A torpor snail (Lair:1)
  27 cane toads
  11 komodo dragons
  3 tyrant leeches (Lair:6)
  A polar bear (Lair:6)
  11 blink frogs (Lair:6)
  Eustachio (D:5)
  2 wyverns
  A hog (Lair:5)
  19 yaks
  7 wraiths
  4 vampire mosquitoes
  4 basilisks
  Menkaure (D:6)
  14 soldier ants
  22 water moccasins
  An ice beast (D:4)
  A sky beast (D:9)
  2 black bears (D:10)
  5 orc warriors
  A phantom (D:7)
  3 ogres
  An eye of draining (D:10)
  7 wolves
  3 centaurs
  2 big kobolds (D:7)
  19 bullfrogs
  6 scorpions
  18 killer bees
  15 wights
  3 howler monkeys
  A bullfrog zombie (D:9)
  A quasit (D:9)
  A hound (D:5)
  3 jellies
  2 centaur skeletons
  10 orc priests
  9 orc wizards
  3 bullfrog skeletons
  Ijyb (D:3)
  5 hell rats (Lair:5)
  8 worker ants
  A hound skeleton (D:4)
  A worker ant zombie (D:10)
  A howler monkey skeleton (D:9)
  3 gnolls
  21 adders
  3 white imps
  2 adder skeletons
  2 worms
  2 dart slugs (D:2)
  3 leopard geckos
  29 orcs
  5 ball pythons
  4 giant cockroaches
  5 goblins
  4 hobgoblins
  13 jackals
  16 kobolds
  4 quokkas
  5 bats
  5 frilled lizards
  7 rats
438 creatures vanquished.

Vanquished Creatures (others)
  47 fungi
  127 plants
174 creatures vanquished.

Grand Total: 612 creatures vanquished

Notes
Turn   | Place    | Note
-------+----------+-------------------------------------------
     0 | D:1      | wilfster70 the Gnoll Ice Elementalist began the quest for
                  | the Orb.
     0 | D:1      | Reached XP level 1. HP: 13/13 MP: 6/6
    78 | D:1      | Found a broken altar of Ashenzari.
    82 | D:1      | Became a worshipper of Ashenzari the Shackled
   516 | D:1      | Reached XP level 2. HP: 15/19 MP: 3/7
  1113 | D:2      | Reached XP level 3. HP: 25/25 MP: 5/9
  1117 | D:2      | Learned a level 3 spell: Frozen Ramparts
  1121 | D:2      | Learned a level 3 spell: Ozocubu's Armour
  1134 | D:2      | Reached skill level 5 in Spellcasting
  1260 | D:2      | Reached skill level 1 in Invocations
  1437 | D:2      | Reached skill level 1 in Fighting
  1437 | D:2      | Reached skill level 1 in Short Blades
  1437 | D:2      | Reached skill level 1 in Long Blades
  1437 | D:2      | Reached skill level 1 in Axes
  1437 | D:2      | Reached skill level 1 in Maces & Flails
  1437 | D:2      | Reached skill level 1 in Polearms
  1437 | D:2      | Reached skill level 1 in Staves
  1437 | D:2      | Reached skill level 1 in Slings
  1437 | D:2      | Reached skill level 1 in Bows
  1437 | D:2      | Reached skill level 1 in Crossbows
  1437 | D:2      | Reached skill level 1 in Throwing
  1437 | D:2      | Reached skill level 1 in Armour
  1437 | D:2      | Reached skill level 1 in Shields
  1437 | D:2      | Reached skill level 1 in Unarmed Combat
  1437 | D:2      | Reached skill level 1 in Evocations
  1583 | D:2      | Reached XP level 4. HP: 32/32 MP: 7/11
  1856 | D:3      | Reached skill level 1 in Conjurations
  1856 | D:3      | Reached skill level 1 in Hexes
  1856 | D:3      | Reached skill level 1 in Summonings
  1856 | D:3      | Reached skill level 1 in Necromancy
  1856 | D:3      | Reached skill level 1 in Translocations
  1856 | D:3      | Reached skill level 1 in Transmutations
  1856 | D:3      | Reached skill level 1 in Fire Magic
  1856 | D:3      | Reached skill level 1 in Air Magic
  1856 | D:3      | Reached skill level 1 in Earth Magic
  1856 | D:3      | Reached skill level 1 in Poison Magic
  2104 | D:3      | Noticed Ijyb
  2151 | D:3      | Killed Ijyb
  2152 | D:3      | Reached XP level 5. HP: 37/37 MP: 8/12
  2455 | D:3      | Reached * piety under Ashenzari
  2608 | D:3      | Found a sparkling altar of Nemelex Xobeh.
  2893 | D:4      | Noticed an ogre
  2938 | D:4      | Reached XP level 6. HP: 23/44 MP: 9/13
  3092 | D:4      | Learned a level 3 spell: Mephitic Cloud
  3140 | D:4      | Reached skill level 5 in Dodging
  3304 | D:4      | Found an iron altar of Okawaru.
  3316 | D:4      | Reached XP level 7. HP: 28/50 MP: 11/15
  3614 | D:4      | Found a hazy altar of Hepliaklqana.
  4077 | D:5      | Entered Level 5 of the Dungeon
  4345 | D:4      | Reached skill level 5 in Stealth
  4758 | D:4      | Found an iron altar of Okawaru.
  5051 | D:4      | Found a hazy altar of Hepliaklqana.
  5424 | D:4      | Reached XP level 8. HP: 57/57 MP: 12/16
  5540 | D:4      | Found an iron altar of Okawaru.
  6039 | D:5      | Noticed Eustachio
  6050 | D:5      | Killed Eustachio
  6142 | D:6      | Noticed a wraith
  6331 | D:6      | Reached ** piety under Ashenzari
  6409 | D:6      | Found a transporter.
  6409 | D:6      | Noticed Darold's ghost (novice DrTm)
  6589 | D:6      | Found a staircase to the Ecumenical Temple.
  6659 | D:6      | Noticed Menkaure
  6666 | D:6      | Killed Menkaure
  6817 | D:6      | Found a transporter.
  6897 | D:7      | Reached XP level 9. HP: 62/65 MP: 12/18
  8396 | D:6      | Got the falchion "Bisade" {vorpal, rElec Int+3}
  8398 | D:6      | Identified the +9 falchion "Bisade" {vorpal, rElec Int+3}
                  | (You found it on level 6 of the Dungeon)
  8973 | D:8      | Found Xopteit's Book Boutique.
  9143 | D:8      | Identified the +1 robe "Umacvyng" {Rampage rN+ Str+3}
  9666 | D:8      | Reached skill level 5 in Invocations
  9836 | D:9      | Reached XP level 10. HP: 73/73 MP: 17/20
  9840 | D:9      | Reached skill level 5 in Fighting
  9840 | D:9      | Reached skill level 5 in Short Blades
  9840 | D:9      | Reached skill level 5 in Long Blades
  9840 | D:9      | Reached skill level 5 in Axes
  9840 | D:9      | Reached skill level 5 in Maces & Flails
  9840 | D:9      | Reached skill level 5 in Polearms
  9840 | D:9      | Reached skill level 5 in Staves
  9840 | D:9      | Reached skill level 5 in Slings
  9840 | D:9      | Reached skill level 5 in Bows
  9840 | D:9      | Reached skill level 5 in Crossbows
  9840 | D:9      | Reached skill level 5 in Throwing
  9840 | D:9      | Reached skill level 5 in Armour
  9840 | D:9      | Reached skill level 5 in Shields
  9840 | D:9      | Reached skill level 5 in Unarmed Combat
  9840 | D:9      | Reached skill level 5 in Evocations
  9894 | D:10     | Entered Level 10 of the Dungeon
  9946 | D:10     | Killed an unseen horror
 10098 | D:11     | Reached *** piety under Ashenzari
 10361 | D:11     | Identified the +8 trident of Debt {freeze, Str+4 Dex+5}
 11176 | D:11     | Found a portal to a secret trove of treasure.
 11187 | Trove    | Entered a treasure trove
 11211 | Trove    | Identified the cursed ring "Ysepid" {Will+ Slay+3}
 11211 | Trove    | Identified the cursed ring of Tomorrow {+Fly Dex+4 Stlth+}
 11211 | Trove    | Identified the ring "Leujun" {rC+ rCorr}
 11237 | Trove    | Identified the +5 trident "Neonaop" {protect, Dex+2 Stlth+}
 11478 | D:9      | Noticed a two-headed ogre
 11491 | D:9      | Killed a two-headed ogre
 11723 | D:9      | Reached XP level 11. HP: 81/81 MP: 22/22
 11793 | D:9      | Reached skill level 5 in Conjurations
 11793 | D:9      | Reached skill level 5 in Hexes
 11793 | D:9      | Reached skill level 5 in Summonings
 11793 | D:9      | Reached skill level 5 in Necromancy
 11793 | D:9      | Reached skill level 5 in Translocations
 11793 | D:9      | Reached skill level 5 in Transmutations
 11793 | D:9      | Reached skill level 5 in Fire Magic
 11793 | D:9      | Reached skill level 5 in Air Magic
 11793 | D:9      | Reached skill level 5 in Earth Magic
 11793 | D:9      | Reached skill level 5 in Poison Magic
 11793 | D:9      | Reached XP level 12. HP: 89/89 MP: 21/24
 11794 | D:9      | Reached XP level 13. HP: 96/96 MP: 22/26
 11798 | D:9      | Learned a level 2 spell: Blink
 11802 | D:9      | Learned a level 3 spell: Conjure Flame
 12831 | D:10     | Found a staircase to the Lair.
 12836 | Lair:1   | Entered Level 1 of the Lair of Beasts
 12848 | Lair:1   | Found a transporter.
 12852 | Lair:1   | Identified the +3 trident of Duty {antimagic, +Fly rElec
                  | rF+}
 12853 | Lair:1   | Found a bloodstained altar of Trog.
 13078 | Lair:1   | Found a transporter.
 13099 | Lair:1   | Noticed manyhoops's ghost (journeyman PaTm)
 13200 | Lair:1   | Noticed Fannar
 13237 | Lair:1   | Killed Fannar
 13943 | Lair:2   | Found a staircase to the Shoals.
 14223 | Lair:2   | Found a staircase to the Snake Pit.
 16003 | Lair:3   | Reached skill level 10 in Ice Magic
 16687 | D:8      | Bought a book of Dreams for 975 gold pieces
 16693 | D:8      | Learned a level 5 spell: Borgnjor's Vile Clutch
 16943 | Lair:4   | Noticed Josephine
 16963 | Lair:4   | Killed Josephine
 17165 | Lair:4   | Identified the ring "Heac" {*Tele rN+ Int-5 Dex+2}
 17248 | Lair:3   | Reached XP level 14. HP: 54/106 MP: 10/27
 17857 | Lair:4   | Reached skill level 10 in Spellcasting
 18676 | Lair:5   | Found a viscous altar of Jiyva.
 18677 | Lair:5   | Found a staircase to the Slime Pits.
 18839 | Lair:5   | Reached skill level 10 in Dodging
 19167 | Lair:5   | Reached skill level 10 in Stealth
 19328 | Lair:5   | Reached **** piety under Ashenzari
 19620 | Lair:5   | Reached skill level 10 in Invocations
 20046 | Lair:6   | Entered Level 6 of the Lair of Beasts
 20946 | Lair:6   | Reached XP level 15. HP: 114/114 MP: 15/29
 22220 | Lair:5   | Slain by a soldier ant

Illustrated notes

Levels and vault maps discovered:
D:1:      giann_forest_graveyard, layout_rooms, serial_curves, eino_curves_03,
          eino_curves_03, hangedman_abyss_or_decor_stabs,
          nicolae_ashenzari_panopticon
D:2:      layout_rooms
D:3:      layout_basic, chequers_decorated_corner, nemelex_spade_bored_becter,
          uniq_ijyb
D:4:      layout_loops_ring, nicolae_overflow_hidden_temple, okawaru_gym_becter
D:5:      layout_rooms, uniq_eustachio
D:6:      layout_loops_ring, minmay_temple_entry_sparse_star,
          gammafunk_ghost_mausoleum, uniq_menkaure
D:7:      layout_basic
D:8:      layout_loops_corners, serial_shops,
          nicolae_shop_temple_entry_statues_fountains
D:9:      layout_basic, serial_curves, eino_curves_02, eino_curves_01
D:10:     layout_irregular_city, grunt_lair_entry_orc_guard_hut
D:11:     layout_stronghold, nicolae_trove_entry_diagonal,
          lemuel_flamethrower_hall, uniq_nergalle
Lair:1:   layout_cave_pods, gammafunk_ghost_wrathful_warriors,
          grunt_megastairs_5, uniq_fannar
Lair:2:   layout_roguey, shoals_dummy_entry, minmay_snake_entry_six_corridors,
          beast_lair_carwin_11, lemuel_fruit_tree
Lair:3:   layout_gridlike, grunt_megastairs_1, minmay_lair_oklob_chamber
Lair:4:   layout_long_grid, uniq_josephine
Lair:5:   layout_long_grid, slime_altar_1, serial_bayou_shore_a,
          grunt_megastairs_4
Lair:6:   minmay_lair_end_frog_pond, layout_gridlike, zaba_antful_of_joy,
          uniq_kirke

Skill      XL: |  1  2  3  4  5  6  7  8  9 10 11 12 13 14 |
---------------+-------------------------------------------+-----
Spellcasting   | 5 6 7 8 9 10 | 10.9
Invocations    | 1 2 3 4 5 6 7 8 9 10 | 10.5
Fighting       | 1 2 3 4 5 6 7 8 9 |  9.7
Short Blades   | 1 2 3 4 5 6 7 8 9 |  9.7
Long Blades    | 1 2 3 4 5 6 7 8 9 |  9.7
Axes           | 1 2 3 4 5 6 7 8 9 |  9.7
Maces & Flails | 1 2 3 4 5 6 7 8 9 |  9.7
Polearms       | 1 2 3 4 5 6 7 8 9 |  9.7
Staves         | 1 2 3 4 5 6 7 8 9 |  9.7
Slings         | 1 2 3 4 5 6 7 8 9 |  9.7
Bows           | 1 2 3 4 5 6 7 8 9 |  9.7
Crossbows      | 1 2 3 4 5 6 7 8 9 |  9.7
Throwing       | 1 2 3 4 5 6 7 8 9 |  9.7
Armour         | 1 2 3 4 5 6 7 8 9 |  9.7
Shields        | 1 2 3 4 5 6 7 8 9 |  9.7
Unarmed Combat | 1 2 3 4 5 6 7 8 9 |  9.7
Evocations     | 1 2 3 4 5 6 7 8 9 |  9.7
Conjurations   | 1 2 3 4 5 6 7 8 |  8.2
Hexes          | 1 2 3 4 5 6 7 8 |  8.2
Summonings     | 1 2 3 4 5 6 7 8 |  8.2
Necromancy     | 1 2 3 4 5 6 7 8 |  8.2
Translocations | 1 2 3 4 5 6 7 8 |  8.2
Transmutations | 1 2 3 4 5 6 7 8 |  8.2
Fire Magic     | 1 2 3 4 5 6 7 8 |  8.2
Air Magic      | 1 2 3 4 5 6 7 8 |  8.2
Earth Magic    | 1 2 3 4 5 6 7 8 |  8.2
Poison Magic   | 1 2 3 4 5 6 7 8 |  8.2
Dodging        | 5 6 7 8 9 10 | 10.7
Stealth        | 5 6 7 8 9 10 | 10.5
Ice Magic      | 8 9 10 | 10.7

Action                   |  1- 3 |  4- 6 |  7- 9 | 10-12 | 13-15 || total
-------------------------+-------+-------+-------+-------+-------++-------
Melee: Short sword       |    46 |    26 |       |       |       ||    72
       Bite              |     3 |     5 |    30 |    15 |    84 ||   137
       Spear             |       |    53 |   237 |       |       ||   290
       Punch             |       |       |     5 |     1 |     9 ||    15
       Falchion          |       |       |    37 |    47 |       ||    84
       Trident           |       |       |       |    44 |   567 ||   611
 Cast: Freeze            |    28 |       |       |       |       ||    28
       Frozen Ramparts   |     4 |    16 |    39 |    15 |    77 ||   151
       Ozocubu's Armour  |       |     1 |    13 |     2 |     7 ||    23
       Mephitic Cloud    |       |     1 |       |       |     1 ||     2
       Borgnjor's Vile C |       |       |       |       |    70 ||    70
Invok: Curse Item        |       |       |     1 |     3 |     1 ||     5
Evoke: Wand              |       |       |       |       |     1 ||     1
  Use: Scroll            |       |       |     6 |     4 |    20 ||    30
       Potion            |       |       |     2 |     3 |     1 ||     6
 Stab: Sleeping          |     5 |     2 |    14 |     2 |     6 ||    29
       Distracted        |       |       |       |       |     1 ||     1
Armor: Leather armour    |    10 |    11 |    63 |    18 |    60 ||   162
Dodge: Dodged            |    42 |    42 |   178 |    86 |   333 ||   681
Block: Other             |       |       |       |     8 |    41 ||    49
       Buckler           |       |       |       |       |   194 ||   194
       Reflection        |       |       |       |       |     2 ||     2
       Rpst.: Falchion   |       |       |    11 |     9 |       ||    20
